 Dungeon Crawl Stone Soup version 0.22.1-1-ga44c0e5 (webtiles) character file.

1459 Folque the Firebug (level 8, -2/52 HPs)
             Began as a Demonspawn Fire Elementalist on Oct 20, 2018.
             Slain by a yak (16 damage)
             ... on level 7 of the Dungeon on Oct 24, 2018.
             The game lasted 00:19:24 (4952 turns).

Folque the Firebug (Demonspawn Fire Elementalist)   Turns: 4952, Time: 00:19:25

Health: -2/52      AC:  2    Str:  8    XL:     8   Next: 48%
Magic:  14/14      EV: 12    Int: 20    God:
Gold:   248        SH:  0    Dex: 13    Spells: 3/15 levels left

rFire    . . .     SeeInvis .   k - +0 war axe
rCold    + . .     Gourm    .   (no shield)
rNeg     . . .     Faith    .   a - +0 robe
rPois    .         Spirit   .   (helmet restricted)
rElec    .         Reflect  .   (no cloak)
rCorr    .         Harm     .   (no gloves)
MR       .....                  (no boots)
Stlth    +.........             h - amulet of regeneration
HPRegen  0.57/turn              (no ring)
MPRegen  0.14/turn              (no ring)

@: confused
A: antennae 1, cold resistance 1, freezing cloud immunity, sturdy frame 1
a: no special abilities


You were on level 7 of the Dungeon.
You were very hungry.

You visited 1 branch of the dungeon, and saw 6 of its levels.

You collected 248 gold pieces.

Inventory:

Hand Weapons
 k - a +0 war axe (weapon)
 q - a +0 blowgun
Missiles
 r - 26 poisoned needles
 t - 9 tomahawks (quivered)
Armour
 a - a +0 robe (worn)
 m - a +0 helmet
 u - a +2 leather armour of cold resistance
Jewellery
 h - an amulet of regeneration (around neck)
 j - an uncursed ring of ice {unknown}
 x - an uncursed ring of flight {unknown}
Wands
 F - a wand of digging (19)
Scrolls
 d - a scroll of enchant weapon {unknown}
 g - 2 scrolls of blinking {unknown}
 i - a scroll of fear
 n - 9 scrolls of identify
 s - 6 scrolls of teleportation
 v - a scroll of silence {unknown}
 w - a scroll of magic mapping
 y - 2 scrolls of enchant armour {unknown}
 B - a scroll of random uselessness {unknown}
 E - 4 scrolls of remove curse {unknown}
Potions
 e - 5 potions of invisibility {unknown}
 l - 2 potions of ambrosia
 o - a potion of agility {unknown}
 p - a potion of resistance {unknown}
 z - a potion of cancellation {unknown}
 A - a potion of brilliance
 C - 2 potions of degeneration {unknown}
 D - a potion of mutation {unknown}
Comestibles
 c - 6 rations


   Skills:
 - Level 2.0 Dodging
 - Level 1.7 Stealth
 - Level 4.0 Spellcasting
 + Level 6.3 Conjurations
 + Level 3.1 Hexes
 * Level 6.5 Fire Magic


You had 3 spell levels left.
You knew the following spells:

 Your Spells              Type           Power        Failure   Level  Hunger
a - Flame Tongue          Conj/Fire      ####.        1%          1    None
b - Conjure Flame         Conj/Fire      ####....     2%          3    ###....
c - Fireball              Conj/Fire      ####......   26%         5    ######.
d - Inner Flame           Hex/Fire       ###.....     5%          3    ###....

Your spell library contained the following spells:

 Spells                   Type           Power        Failure   Level  Hunger
 Throw Flame              Conj/Fire      ####..       1%          2    #......
 Confusing Touch          Hex            ###...       3%          1    None
 Confuse                  Hex            ###.....     11%         3    ###....
 Gell's Gravitas          Tloc           #.........   36%         3    ###....
 Sticky Flame             Conj/Fire      ####....     9%          4    ####...
 Petrify                  Tmut/Erth      #.......     77%         4    ####...
 Metabolic Englaciation   Hex/Ice        ##........   88%         5    ######.
 Yara's Violent Unravell  Hex/Tmut       ##........   88%         5    ######.


Dungeon Overview and Level Annotations

Branches:
Dungeon (5/15)
 Temple: D:4-7

Altars:
Cheibriados
Makhleb
Xom
Zin

Shops:
D:4 *[!=*


Innate Abilities, Weirdness & Mutations

You have a pair of small antennae on your head.
Your flesh is cold resistant. (rC+)
You are immune to freezing clouds.
Your movements are slightly less encumbered by armour. (ER -2)


Message History

* * * LOW HITPOINT WARNING * * *
Your Fire Magic skill increases to level 6!
You hear a shout! x3
The yak is engulfed in blazing flames.
A worker ant comes into view.
The yak is engulfed in blazing flames.
Your Hexes skill increases to level 3!
You feel a bit more experienced.
Okay, then.
You feel better.
Okay, then.
You are confused.
You feel invigorated. The yak barely misses you.
You're too confused to move!
The yak gores you! x2
* * * LOW HITPOINT WARNING * * *
You hit the yak.
The yak is moderately wounded.
You barely miss the yak. The yak closely misses you. The yak gores you!
You die...

#.......######)#### ##
#................## ...
..##.#########.#.##
###.###.##.#
#........... .........
#.#####.#.##
#......######.#####.#..#
#
..................######
#.####....######.#####
#># #.........@...##.#..
... .........YY...##<#.#
. #######.....######.#.#
...........#.....#.#.#
######.#........#.#.#
#.#).##.####.#.#
#.#...#.##...#.##
.#####Y##.##.##.#....+
..a.........#......#.##


You could see 2 yaks.

Vanquished Creatures
  2 yaks (D:7)
  A black bear (D:7)
  A sky beast (D:5)
  An ice beast (D:5)
  3 ogres (D:5)
  4 killer bees (D:7)
  A howler monkey (D:5)
  A crimson imp (D:5)
  An orc priest (D:7)
  2 hounds
  A centaur skeleton (D:4)
  2 iguanas (D:5)
  2 worker ants
  7 adders
  2 shadow imps
  An ooze (D:4)
  An adder skeleton (D:5)
  2 worms (D:2)
  2 dart slugs (D:3)
  4 leopard geckos
  7 orcs
  5 giant cockroaches
  8 goblins
  4 hobgoblins
  4 jackals (D:4)
  4 quokkas
  5 bats
  9 frilled lizards
  A giant cockroach zombie (D:5)
  A jackal skeleton (D:5)
  7 kobolds
  A leopard gecko skeleton (D:5)
  2 leopard gecko zombies (D:5)
  A quokka skeleton (D:4)
  5 rats
105 creatures vanquished.

Notes
Turn   | Place    | Note
-------+----------+-------------------------------------------
     0 | D:1      | Folque the Demonspawn Fire Elementalist began the quest for
                  | the Orb.
     0 | D:1      | Reached XP level 1. HP: 13/13 MP: 3/3
   837 | D:2      | Gained mutation: Your flesh is cold resistant. (rC+)
                  | [demonic ancestry]
   837 | D:2      | Reached XP level 2. HP: 4/19 MP: 0/5
  1323 | D:2      | Gained mutation: You are immune to freezing clouds.
                  | [demonic ancestry]
  1323 | D:2      | Reached XP level 3. HP: 23/24 MP: 0/6
  1842 | D:3      | Learned a level 3 spell: Conjure Flame
  1964 | D:3      | Found a snail-covered altar of Cheibriados.
  2049 | D:3      | Gained mutation: You have a pair of small antennae on your
                  | head. [demonic ancestry]
  2049 | D:3      | Reached XP level 4. HP: 23/30 MP: 4/8
  2481 | D:3      | Reached XP level 5. HP: 35/35 MP: 9/9
  2488 | D:3      | Learned a level 5 spell: Fireball
  2614 | D:4      | Found Mutuer Zaci's General Store.
  2779 | D:4      | Found Waofibil's Armour Shoppe.
  2791 | D:4      | Found Ofiruff's Jewellery Boutique.
  2796 | D:4      | Found Odeatonoid's Distillery.
  2935 | D:4      | Found Kepap's Assorted Antiques.
  3192 | D:4      | Found a burning altar of Makhleb.
  3192 | D:4      | Noticed a blizzard demon
  3195 | D:4      | Noticed a smoke demon
  3195 | D:4      | Noticed a hellwing
  3679 | D:5      | Entered Level 5 of the Dungeon
  3724 | D:5      | Noticed an ogre
  3730 | D:5      | Killed an ogre
  3730 | D:5      | Reached XP level 6. HP: 32/41 MP: 2/11
  4123 | D:5      | Reached XP level 7. HP: 46/46 MP: 11/13
  4128 | D:5      | Learned a level 3 spell: Inner Flame
  4265 | D:5      | Reached skill level 5 in Fire Magic
  4281 | D:5      | Reached skill level 5 in Conjurations
  4281 | D:5      | Reached skill level 1 in Hexes
  4543 | D:5      | You fall through a shaft for 2 floors!
  4594 | D:7      | Gained mutation: Your movements are slightly less
                  | encumbered by armour. (ER -2) [demonic ancestry]
  4594 | D:7      | Reached XP level 8. HP: 52/52 MP: 0/14
  4613 | D:7      | Found a shimmering altar of Xom.
  4615 | D:7      | Noticed an angel
  4802 | D:7      | Found a glowing silver altar of Zin.
  4952 | D:7      | Slain by a yak

Skill      XL: |  1  2  3  4  5  6  7  8 |
---------------+-------------------------+-----
Fire Magic     | 3 4 5 6 |  6.5
Conjurations   | 2 3 4 5 6 |  6.3
Spellcasting   | 3 4 |  4.0
Dodging        | 2 |  2.0
Hexes          | 2 3 |  3.1
Stealth        | |  1.7

Action                   |  1- 3 |  4- 6 |  7- 9 || total
-------------------------+-------+-------+-------++-------
Melee: War axe           |   120 |   128 |    32 ||   280
       Unarmed           |     6 |       |       ||     6
Throw: Tomahawk          |       |     1 |       ||     1
 Cast: Flame Tongue      |    34 |    57 |    45 ||   136
       Conjure Flame     |       |     1 |     3 ||     4
       Fireball          |       |       |     1 ||     1
       Inner Flame       |       |       |     1 ||     1
  Use: Scroll            |     3 |     1 |       ||     4
       Potion            |     1 |     4 |     7 ||    12
 Stab: Sleeping          |     3 |     1 |     1 ||     5
       Distracted        |     1 |       |       ||     1
  Eat: Chunk             |     4 |     7 |     3 ||    14
Armor: Robe              |    48 |    23 |     6 ||    77
Dodge: Dodged            |   121 |   108 |    49 ||   278
